 Dungeon Crawl Stone Soup version 0.15.0-13-gb296d5c (webtiles) character file.

16620 zercules the Blocker (level 12, -4/103 HPs)
             Began as a Minotaur Fighter on Sept 2, 2014.
             Was a High Priest of Okawaru.
             Slain by a freezing wraith (5 damage)
             ... in an ice cave on Sept 3, 2014.
             The game lasted 01:23:31 (14252 turns).

zercules the Blocker (Minotaur Fighter)            Turns: 14252, Time: 01:23:32

HP  -4/103       AC  7     Str 21      XL: 12   Next: 11%
MP   5/5         EV 17     Int  7      God: Okawaru [*****.]
Gold 619         SH 14     Dex 13      Spells:  0 memorised, 11 levels left

rFire  . . .     SeeInvis .     o - +0 whip (flame)
rCold  + + .     Clarity  +     V - +2 robe {rC+}
rNeg   . . .     rCorr    .     f - +0 shield {reflect}
rPois  .         rRot     .     (helmet restricted)
rElec  .         Spirit   .     (no cloak)
SustAb .         Warding  .     h - +0 pair of gloves
rMut   .         Stasis   .     (no boots)
Gourm  .                        O - amulet of clarity
MR     .....                    T - ring of protection from fire
                                W - ring of ice

@: about to teleport, very slightly contaminated, not resistant to hostile
enchantments, very unstealthy
A: retaliatory headbutt, horns 2, yellow scales 1
a: Heroism, Finesse, Renounce Religion


You were in an ice cave.
You worshipped Okawaru.
Okawaru was extremely pleased with you.
You were not hungry.

You visited 3 branches of the dungeon, and saw 14 of its levels.
You also visited: Ice Cave.

You collected 619 gold pieces.


Innate Abilities, Weirdness & Mutations

You reflexively headbutt those who attack you in melee.
You have a pair of horns on your head.
You are partially covered in yellow scales (AC +2).


   Skills:
 - Level 8.8 Fighting
 + Level 11.4 Maces & Flails
 - Level 2.6 Throwing
 - Level 3.6 Armour
 + Level 9.8 Dodging
 - Level 15.4 Shields


You had 11 spell levels left.
You didn't know any spells.

Dungeon Overview and Level Annotations

Branches:
Dungeon (11/15)            Temple (1/1) D:4            Lair (2/8) D:11
    Orc: D:9-12

Altars:
Ashenzari
Cheibriados
Dithmenos
Elyvilon
Fedhas
Kikubaaqudgha
Makhleb
Nemelex Xobeh
Okawaru
Qazlal
Sif Muna
Trog
Vehumet
Xom
Zin
The Shining One

Shops:
D:4 :   D:9 !

Annotations:
D:10 Erica

Inventory:

Hand weapons
 a - a +0 flail
 o - a +0 whip of flaming (weapon)
   (You found it on level 7 of the Dungeon)
 C - a -3 short sword
Missiles
 l - 26 sling bullets
 A - 13 javelins of returning (quivered)
 G - 12 poisoned tomahawks
 H - 5 javelins of penetration
 M - 6 javelins
 Q - 4 tomahawks of returning
Armour
 f - a +0 shield of reflection (worn)
   (You acquired it on level 7 of the Dungeon)
 h - a +0 pair of gloves (worn)
 u - a +0 scale mail of fire resistance
   (Okawaru gifted it to you in an ice cave)
 I - a +0 troll leather armour
 V - a +2 robe of cold resistance (worn)
   (You took it off Fannar on level 1 of the Lair of Beasts)
Magical devices
 b - a wand of disintegration (14)
 r - a wand of disintegration (7)
 x - a wand of slowing (12)
 y - a wand of polymorph (7)
 J - a wand of disintegration (12)
 N - a wand of teleportation (0) {@v4}
Comestibles
 d - 7 bread rations
 g - a meat ration
 E - 9 royal jellies
Scrolls
 m - 6 scrolls of magic mapping
 p - 2 scrolls of fear
 q - 4 scrolls of enchant armour
 t - a scroll of fog
 z - a scroll of blinking
 B - 3 scrolls of enchant weapon
 F - a scroll of amnesia {unknown}
 K - 3 scrolls of identify {@r9}
 R - 2 scrolls of vulnerability
Jewellery
 j - an uncursed ring of flight
 w - a +4 ring of dexterity
 D - an uncursed ring of protection from magic
 O - an amulet of clarity (around neck)
 T - a ring of protection from fire (right hand)
 W - a ring of ice (left hand)
Potions
 e - a potion of might
 i - 2 potions of magic
 k - 2 potions of brilliance
 n - 2 potions of haste {@q3}
 v - 2 potions of curing {@q1}
Books
 P - a book of the Dragon
 S - a book of Power
 U - a book of Necromancy
Miscellaneous
 s - a sack of spiders {used:

1} ##...###W##
##.....##..#
#...#...#..#
#..####....# ##..#
##...# ##..## ##.##
##...# ### #### ##WW..##
##..## #### #@WW...#
##....#####..####.....##
#.......##....##.......#
#.\.\.......#..........#
#..........###.........#
##....##..## ###......##
##..###### ##.....# ####
#......# ##....##


You could see 4 freezing wraiths.


Message History

The freezing wraith is heavily damaged.
You hit the freezing wraith but do no damage.
The freezing wraith is heavily damaged.
You block the freezing wraith's attack. x2
You hit the freezing wraith but do no damage.
The freezing wraith is heavily damaged.
Your spider bites the freezing wraith.
You block the freezing wraith's attack.
The freezing wraith barely misses you. x2
You furiously retaliate!
You headbutt the freezing wraith! The freezing wraith hits you!
* * * LOW HITPOINT WARNING * * *
The freezing wraith drains your vigor!
You feel yourself slow down.
* * * LOW HITPOINT WARNING * * *
Read which item? (? for menu, Esc to quit)
Blink to where?
As you read the scroll of blinking, it crumbles to dust.
The freezing wraith hits something.
The freezing wraith freezes something!!
Throwing (i - inventory. (,) - cycle):
A - 13 javelins of returning (quivered)
Aim: a white imp (susceptible to magic)
You throw a javelin of returning.
The javelin of returning hits the white imp!
You kill the white imp!
Okawaru accepts your kill.
The javelin of returning returns to your pack!
The freezing wraith hits your spider.
Your spider dies!
You feel yourself speed up.
Drink which item? (? for menu, Esc to quit)
Okay, then.
Unknown command.
Evoke which item? (* to show all) (? for menu, Esc to quit)
Okay, then.
Read which item? (? for menu, Esc to quit)
Okay, then.
Unknown command.
Evoke which item? (* to show all) (? for menu, Esc to quit)
Zapping:
N - a wand of teleportation {zapped: 3} {@v4} Nothing appears to happen.
The freezing wraith hits you but does no damage.
You block the freezing wraith's attack.
Drink which item? (? for menu, Esc to quit)
You feel better. The freezing wraith misses you.
You block the freezing wraith's attack. x2
The freezing wraith barely misses you.
You block the freezing wraith's attack. x2
The freezing wraith hits you but does no damage.
The freezing wraith closely misses you. The freezing wraith barely misses you.
You furiously retaliate!
You headbutt the freezing wraith, but do no damage.
You block the freezing wraith's attack.
You feel less vulnerable to hostile enchantments.
The freezing wraith barely misses you. The freezing wraith misses you.
Evoke which item? (* to show all) (? for menu, Esc to quit)
Okay, then.
Read which item? (? for menu, Esc to quit)
As you read the scroll of teleportation {@r4}, it crumbles to dust.
You feel strangely unstable. The freezing wraith misses you.
The freezing wraith completely misses you.
You block the freezing wraith's attack. The freezing wraith hits you.
* * * LOW HITPOINT WARNING * * *
Read which item? (? for menu, Esc to quit)
As you read the scroll of fear, it crumbles to dust.
You assume a fearsome visage.
The freezing wraith is unaffected.
The freezing wraith is unaffected. x3
You block the freezing wraith's attack. x2
The freezing wraith hits you!
* * * LOW HITPOINT WARNING * * *
The freezing wraith freezes you. You resist.
You die...

Action                   |  1- 3 |  4- 6 |  7- 9 | 10-12 || total
-------------------------+-------+-------+-------+-------++-------
Melee: Flail             |    42 |   214 |   263 |   522 ||  1041
       Unarmed           |       |       |     5 |       ||     5
       Whip              |       |       |   353 |   131 ||   484
Throw: Throwing net      |       |    11 |     5 |       ||    16
       Tomahawk          |       |       |    10 |    45 ||    55
       Javelin           |       |       |     6 |    99 ||   105
Invok: Heroism           |       |       |     4 |    16 ||    20
Evoke: Wand              |       |       |     1 |     5 ||     6
       Sack of spiders   |       |       |       |     1 ||     1
  Use: Potion            |     2 |     1 |     5 |     5 ||    13
       Scroll            |       |       |    11 |    15 ||    26
 Stab: Held in net/web   |       |       |     1 |       ||     1
  Eat: Chunk             |       |     9 |     1 |     7 ||    17
       Meat ration       |       |     1 |     1 |     3 ||     5
       Beef jerky        |       |       |     2 |       ||     2
       Fruit             |       |       |     4 |       ||     4
       Royal jelly       |       |       |       |     1 ||     1

Vault maps used:
D:1:      dpeg_arrival_pits
D:2:      old_standard_altar, minivault_25
D:3:      uniq_terence, uniq_jessica
D:4:      minmay_temple_entry_overgrown, serial_shops,
          nicolae_shop_behind_doors, nicolae_underground_beach, uniq_natasha
D:5:      lemuel_round_altar, first_bread
D:7:      zin_angel, lemuel_round_altar, nicolae_ossuary_entry_false_entrances,
          grunt_ministairs_7, minmay_joined_circles
D:8:      nicolae_overflow_hidden_temple, hangedman_little_slice_of_home,
          minivault_27, grunt_dithmenos_shadows
D:9:      serial_shops, shop, basic_altar, kennysheep_nub,
          kennysheep_small_square
D:10:     uniq_urug, uniq_eustachio, uniq_erica
D:11:     david_lair_generic
Temple:   temple_eino_lava_8
Lair:1:   infiniplex_staircase_pool, uniq_fannar
Lair:2:   portal_ice_cave_entry_imps, st_stairs_5
IceCv:    ice_cave_small_necro

Notes
Turn   | Place    | Note
--------------------------------------------------------------
     0 | D:1      | zercules, the Minotaur Fighter, began the quest for the Orb.
     0 | D:1      | Reached XP level 1. HP: 19/19 MP: 1/1
   124 | D:2      | Reached skill level 3 in Maces & Flails
   124 | D:2      | Reached skill level 4 in Shields
   124 | D:2      | Reached XP level 2. HP: 24/26 MP: 1/1
   371 | D:4      | Reached XP level 3. HP: 31/31 MP: 2/2
   416 | D:4      | Found a staircase to the Ecumenical Temple.
   430 | Temple   | Entered the Ecumenical Temple
   453 | Temple   | Became a worshipper of Warmaster Okawaru
   489 | D:4      | HP: 7/31 [poisoned by a kobold]
   495 | D:4      | HP: 4/31 [poisoned by a kobold]
   501 | D:4      | HP: 3/31 [poisoned by a kobold]
   731 | D:4      | Reached skill level 4 in Maces & Flails
   731 | D:4      | Reached skill level 5 in Shields
   731 | D:4      | Reached XP level 4. HP: 12/39 MP: 2/2
  1311 | D:4      | Noticed a phantom
  1388 | D:4      | Killed a phantom
  1388 | D:4      | Acquired Okawaru's first power
  1388 | D:4      | Reached skill level 5 in Maces & Flails
  1388 | D:4      | Reached skill level 6 in Shields
  1388 | D:4      | Reached XP level 5. HP: 41/45 MP: 2/2
  1416 | D:4      | Found Sastrupt's Book Emporium.
  1424 | D:4      | Noticed Natasha
  1439 | D:4      | Killed Natasha
  1702 | D:3      | Noticed Jessica
  1710 | D:3      | Killed Jessica
  2073 | D:3      | Reached XP level 6. HP: 51/51 MP: 3/3
  2285 | D:3      | Noticed Terence
  2298 | D:3      | Killed Terence
  3541 | D:2      | Reached skill level 6 in Maces & Flails
  3613 | D:2      | Found a stormy altar of Qazlal.
  4304 | D:3      | Reached skill level 7 in Shields
  4759 | D:4      | Reached XP level 7. HP: 43/57 MP: 3/3
  4766 | D:5      | Entered Level 5 of the Dungeon
  4835 | D:5      | Found a white marble altar of Elyvilon.
  4976 | D:5      | HP: 7/57 [orc priest/divine providence (13)]
  4980 | D:5      | Reached skill level 7 in Maces & Flails
  5223 | D:6      | Upgraded the game from 0.15.0-12-gccce430 to 0.15.0-13-gb296d5c
  5683 | D:6      | Reached skill level 8 in Shields
  6041 | D:7      | Reached skill level 8 in Maces & Flails
  6041 | D:7      | Reached XP level 8. HP: 40/64 MP: 3/3
  6167 | D:7      | Reached skill level 9 in Shields
  6384 | D:7      | Reached skill level 9 in Maces & Flails
  6564 | D:7      | Identified a scroll of acquirement
  6569 | D:7      | Gained mutation: You are partially covered in yellow scales (AC +2). [potion of beneficial mutation]
  6597 | D:7      | Found a glowing silver altar of Zin.
  6598 | D:7      | Noticed an angel
  6705 | D:7      | Reached skill level 10 in Shields
  6891 | D:7      | Reached skill level 10 in Maces & Flails
  7110 | D:7      | Reached skill level 4 in Fighting
  7110 | D:7      | Reached XP level 9. HP: 60/71 MP: 4/4
  7222 | D:7      | Reached skill level 5 in Fighting
  7230 | D:7      | Reached skill level 11 in Shields
  7315 | D:7      | Found an ancient bone altar of Kikubaaqudgha.
  7360 | D:7      | HP: 15/74 [orc warrior/war axe (19)]
  7421 | D:7      | HP: 11/75 [orc priest/divine providence (11)]
  7728 | D:7      | Reached skill level 6 in Fighting
  8464 | D:8      | Reached skill level 7 in Fighting
  8568 | D:8      | Found a radiant altar of Vehumet.
  8569 | D:8      | Found a bloodstained altar of Trog.
  8844 | D:8      | Reached skill level 12 in Shields
  8939 | D:8      | Found a sparkling altar of Nemelex Xobeh.
  8972 | D:8      | Received a gift from Okawaru
  9183 | D:8      | Noticed gw's ghost (experienced MiFi)
  9239 | D:8      | HP: 18/80 [gw's ghost (6)]
  9274 | D:8      | Killed gw's ghost
  9274 | D:8      | Reached skill level 2 in Throwing
  9274 | D:8      | Reached XP level 10. HP: 39/88 MP: 3/4
  9536 | D:8      | Found a shadowy altar of Dithmenos.
  9692 | D:9      | Reached skill level 8 in Fighting
  9703 | D:9      | Found a shattered altar of Ashenzari.
  9868 | D:9      | Reached skill level 13 in Shields
 10141 | D:9      | Found Precupae's Distillery.
 10362 | D:9      | Reached skill level 1 in Dodging
 10561 | D:9      | Received a gift from Okawaru
 10650 | D:9      | Reached skill level 2 in Dodging
 10792 | D:10     | Entered Level 10 of the Dungeon
 10799 | D:10     | Noticed a hill giant
 10815 | D:10     | Killed a hill giant
 10815 | D:10     | Reached skill level 3 in Dodging
 11029 | D:10     | Reached skill level 4 in Dodging
 11177 | D:10     | Noticed Urug
 11200 | D:10     | Killed Urug
 11200 | D:10     | Reached skill level 14 in Shields
 11235 | D:10     | Reached skill level 5 in Dodging
 11435 | D:10     | Noticed Erica
 11652 | D:10     | Noticed Eustachio
 11661 | D:10     | Killed Eustachio
 11661 | D:10     | Reached XP level 11. HP: 95/95 MP: 4/4
 11895 | D:11     | Noticed a hill giant
 11909 | D:11     | Received a gift from Okawaru
 11919 | D:11     | Killed a hill giant
 11980 | D:11     | Reached skill level 6 in Dodging
 12101 | D:11     | Found a staircase to the Lair.
 12136 | D:11     | Noticed a centaur warrior
 12153 | D:11     | Killed a centaur warrior
 12170 | D:11     | Received a gift from Okawaru
 12284 | D:11     | Reached skill level 7 in Dodging
 12375 | Lair:1   | Entered Level 1 of the Lair of Beasts
 12577 | Lair:1   | Acquired Okawaru's second power
 12577 | Lair:1   | Reached skill level 15 in Shields
 12807 | Lair:1   | Received a gift from Okawaru
 12943 | Lair:1   | Reached skill level 8 in Dodging
 12995 | Lair:1   | Received a gift from Okawaru
 13200 | Lair:1   | Noticed Fannar
 13228 | Lair:1   | Killed Fannar
 13288 | Lair:1   | Reached skill level 9 in Dodging
 13395 | Lair:1   | Received a gift from Okawaru
 13521 | Lair:2   | Found a frozen archway.
 13750 | Lair:2   | Reached skill level 11 in Maces & Flails
 13759 | Lair:2   | Reached XP level 12. HP: 43/103 MP: 3/5
 13868 | IceCv    | Entered an ice cave
 13875 | IceCv    | Received a gift from Okawaru
 13882 | IceCv    | HP: 23/103 [elephant simulacrum (13)]
 14197 | IceCv    | HP: 24/103 [freezing wraith (9)]
 14232 | IceCv    | HP: 12/103 [freezing wraith (13)]
 14250 | IceCv    | HP: 14/103 [freezing wraith (4)]
 14252 | IceCv    | HP: 1/103 [freezing wraith (14)]
 14252 | IceCv    | Slain by a freezing wraith

Vanquished Creatures
  Fannar (Lair:1)
  A centaur warrior (D:11)
  Urug (D:10)
  The ghost of gw the Basher, an experienced MiFi of Okawaru (D:8)
  2 hill giants
  An elephant (D:11)
  2 black mambas (Lair:1)
  A komodo dragon (Lair:1)
  2 spiny frogs (Lair:1)
  3 two-headed ogres
  A wolf spider simulacrum (IceCv)
  2 trolls (D:9)
  3 blink frogs (Lair:1)
  10 yaks
  A deep elf mage (D:11)
  Eustachio (D:10)
  3 hippogriffs
  4 wolves (Lair:1)
  3 water moccasins
  A tengu zombie (D:11)
  3 orc warriors
  3 sky beasts
  9 ice beasts
  4 phantoms
  A necrophage (D:8)
  2 black bears
  6 centaurs
  5 ogres
  3 crocodiles
  5 giant frogs
  A big kobold (D:8)
  3 scorpions
  An eye of draining (D:8)
  7 wights
  An elephant simulacrum (IceCv)
  A hippogriff zombie (D:7)
  5 killer bees (D:8)
  2 electric eels (Lair:1)
  A swamp dragon simulacrum (IceCv)
  A yak skeleton (D:10)
  A hippogriff skeleton (D:8)
  6 crimson imps
  4 goliath beetles
  A giant frog zombie (D:10)
  4 iguanas
  6 jellies
  A quasit (D:9)
  2 giant frog skeletons
  2 hounds
  9 orc wizards
  6 orc priests
  Natasha (D:4)
  11 worker ants
  A wolf simulacrum (IceCv)
  4 sheep (Lair:2)
  Jessica (D:3)
  Terence (D:3)
  2 mummies (D:7)
  4 gnolls (D:2)
  13 adders
  3 shadow imps
  17 white imps
  3 worms
  An inept item mimic (Lair:1)
  2 orc zombies
  6 oozes
  30 orcs
  3 ball pythons
  A bat skeleton (D:8)
  2 giant cockroaches (D:2)
  9 hobgoblins
  4 jackals (D:9)
  22 kobolds
  5 quokkas
  8 bats
  4 giant geckos
  4 giant newts
  2 giant spores
  A gnoll skeleton (D:3)
  10 goblins
  A hobgoblin zombie (D:8)
  3 kobold zombies
  4 orc skeletons
  A quokka zombie (D:6)
  20 rats
  A rat zombie (D:6)
  9 ballistomycetes
  A plant (Lair:1)
365 creatures vanquished.

Vanquished Creatures (others)
  2 spiders (IceCv)
  A centaur (D:8)
  A kobold (D:8)
  A giant spore (D:9)
5 creatures vanquished.

Grand Total: 370 creatures vanquished
